 Dungeon Crawl Stone Soup version 0.29-a0-341-g24ffce5b50 (webtiles) character file.

Game seed: 4980029246293315892

102 HendSelp the Insei (level 5, -4/39 (41) HPs)
             Began as a Human Monk on Apr 20, 2022.
             Slain by Crazy Yiuf
             ... wielding a +4 quarterstaff of chaos
              (16 damage)
             ... on level 3 of the Dungeon.
             The game lasted 00:02:18 (3870 turns).

HendSelp the Insei (Human Monk)                     Turns: 3870, Time: 00:02:18

HP:   -4/39 (41)    AC:  3    Str: 13    XL:     5   Next: 5%
MP:   0/5           EV: 17    Int: 11    God:
Gold: 110           SH:  0    Dex: 15    Spells: 4/4 levels left

rFire   . . .      SeeInvis .     - Unarmed
rCold   . . .      Faith    .   (no shield)
rNeg    . . .      Spirit   .   e - +0 leather armour {Will+}
rPois   .          Reflect  .   (no helmet)
rElec   .          Harm     .   (no cloak)
rCorr   .          Rampage  .   (no gloves)
Will    +....                   (no boots)
Stlth   ++........              (no amulet)
HPRegen 0.13/turn               f - +4 ring of evasion
MPRegen 0.09/turn               (no ring)

@: lightly drained
A: no striking features
a: no special abilities


You were on level 3 of the Dungeon.
You visited 1 branch of the dungeon, and saw 3 of its levels.

You collected 110 gold pieces.

Inventory:

Armour
 e - a +0 leather armour of willpower (worn)
Jewellery
 f - a +4 ring of evasion (left hand)
Scrolls
 g - a scroll of teleportation
 k - a scroll of identify
Potions
 a - 2 potions of heal wounds
 b - a potion of ambrosia
 c - a potion of might
 d - a potion of mutation {unknown}
 h - 2 potions of curing {unknown}
 i - a potion of degeneration {unknown}
 l - a potion of flight {unknown}


   Skills:
 * Level 3.4 Fighting
 * Level 1.6 Armour
 * Level 3.6 Dodging
 - Level 2.0 Stealth
 * Level 4.1 Unarmed Combat


You had 4 spell levels left.
You didn't know any spells.
Your spell library was empty.

Dungeon Overview and Level Annotations

Branches:
Dungeon (3/15)

Altars:
Xom

Shops:
D:2 [

Annotations:
D:3 Crazy Yiuf


Message History

Crazy Yiuf is lightly wounded.
Crazy Yiuf cries, "Pitchfork song head!"
Crazy Yiuf struggles against the net.
You hit Crazy Yiuf.
Crazy Yiuf is lightly wounded.
Crazy Yiuf struggles against the net.
You hit Crazy Yiuf.
Crazy Yiuf is moderately wounded.
Crazy Yiuf struggles against the net.
The net rips apart, and Crazy Yiuf comes free!
You hit Crazy Yiuf.
Crazy Yiuf is heavily wounded.
Crazy Yiuf barely misses you.
You barely miss Crazy Yiuf.
Crazy Yiuf is heavily wounded.
Crazy Yiuf hits you with a +4 quarterstaff of chaos!
You feel your power leaking away.
You hit Crazy Yiuf.
Crazy Yiuf is severely wounded.
Crazy Yiuf completely misses you.
You hit Crazy Yiuf but do no damage.
Crazy Yiuf is severely wounded.
Crazy Yiuf says, "Scoff shoe noodlescoop!"
Crazy Yiuf misses you.
You closely miss Crazy Yiuf.
Crazy Yiuf is severely wounded.
Crazy Yiuf closely misses you.
You barely miss Crazy Yiuf. Your punch misses Crazy Yiuf.
Crazy Yiuf is severely wounded.
Crazy Yiuf says, "Leather!
Ghoul sing-song return to song."
Crazy Yiuf hits you with a +4 quarterstaff of chaos!
You feel drained.
You barely miss Crazy Yiuf.
Crazy Yiuf is severely wounded.
Crazy Yiuf cries, "Ice high fast!"
Crazy Yiuf misses you.
You hit Crazy Yiuf.
Crazy Yiuf is almost dead.
Crazy Yiuf hits you with a +4 quarterstaff of chaos!
You die...

#....# ####...##..# ♣....♣
###..#.....# ♣♣...♣
#...###.##.# # ####### ♣♣.♣♣
###..#.....# #####.....# ♣♣.♣
#..#...###.# ......###.# ♣.♣♣
#.....## #.# .###### #.# ♣♣.♣
##.#### #.# .# #.# ♣.♣♣ ##.##
#.# ## ##.## #@# #...# #.. #
#...# #.g.# #...# ##. # #...#
#...# #...# #. ########(..#
#)..# #...# #. #.....###.##
##### #...#######( #.....###.##
#........##. #..........###
######...........
#............#
#.............###
#......##.##.#####.###...######
#


You could see Crazy Yiuf.

Vanquished Creatures
  2 adders (D:2)
  3 worms (D:2)
  3 dart slugs
  4 ball pythons
  6 bats
  8 endoplasms
  3 giant cockroaches
  7 goblins (D:2)
  8 hobgoblins
  4 jackals (D:1)
  2 quokkas
  7 kobolds
  3 rats
60 creatures vanquished.

Vanquished Creatures (others)
  8 fungi (D:2)
8 creatures vanquished.

Grand Total: 68 creatures vanquished

Notes
Turn   | Place    | Note
-------+----------+-------------------------------------------
     0 | D:1      | HendSelp the Human Monk began the quest for the Orb.
     0 | D:1      | Reached XP level 1. HP: 18/18 MP: 1/1
   231 | D:1      | Found a faded altar of an unknown god.
   446 | D:1      | Reached XP level 2. HP: 15/24 MP: 2/2
  1115 | D:1      | Reached XP level 3. HP: 9/29 MP: 3/3
  2128 | D:2      | Reached skill level 1 in Armour
  2171 | D:2      | Reached XP level 4. HP: 19/35 MP: 4/4
  3024 | D:2      | Reached skill level 4 in Unarmed Combat
  3107 | D:2      | Found Lubu's Antique Armour Shop.
  3564 | D:3      | Reached XP level 5. HP: 41/41 MP: 5/5
  3643 | D:3      | Found a runed translucent door.
  3644 | D:3      | Noticed Crazy Yiuf
  3739 | D:3      | Found a shimmering altar of Xom.
  3870 | D:3      | Slain by Crazy Yiuf

Illustrated notes

Levels and vault maps discovered:
D:1:      lemuel_arrival_hallway, layout_loops_corners,
          hellmonk_ecumenical_altar_heavens_door
D:2:      kennysheep_the_goblin_king, layout_rooms, serial_shops, shop,
          dreamdust_mushroom_princess
D:3:      layout_loops_cross, lemuel_tele_altar, uniq_crazy_yiuf_cottage

Skill      XL: |  1  2  3  4 |
---------------+-------------+-----
Armour         | 1 |  1.6
Unarmed Combat | 4 |  4.1
Fighting       | |  3.4
Dodging        | |  3.6
Stealth        | |  2.0

Action                   |  1- 3 |  4- 6 || total
-------------------------+-------+-------++-------
Melee: Unarmed           |   101 |   129 ||   230
       Punch             |     1 |     1 ||     2
Throw: Throwing net      |       |     1 ||     1
  Use: Scroll            |     1 |     6 ||     7
 Stab: Sleeping          |     5 |     2 ||     7
       Held in net/web   |       |     1 ||     1
Armor: Leather armour    |    27 |    26 ||    53
       Robe              |     1 |       ||     1
Dodge: Dodged            |    74 |   112 ||   186

Table legend: (Time is in decaauts)
 A = Elapsed time spent in this place.
 B = Non-inter-level travel time spent in this place.
 C = Inter-level travel time spent in this place.
 D = Time resting spent in this place.
 E = Time spent auto-exploring this place.
 F = Levels seen in this place.
 G = Mean time per level.
                   A        B        C        D        E       F      G
               +--------+--------+--------+--------+--------+-----+--------+
         Total |   3854 |   3795 |     59 |    200 |   3117 |   3 | 1284.7 |
       Dungeon |   3854 |   3795 |     59 |    200 |   3117 |   3 | 1284.7 |
               +--------+--------+--------+--------+--------+-----+--------+

Top non-repeatable levels by time:
     D:1: 1792 daAuts
     D:2: 1427 daAuts
     D:3: 635 daAuts
